 Dungeon Crawl Stone Soup version 0.26-a0-520-g952f204493 (webtiles) character file.

Game seed: 2764224387109338964

9 MrRokkomies the Stinger (level 1, -2/14 HPs)
             Began as a Demigod Venom Mage on Aug 12, 2020.
             Slain by a frilled lizard (3 damage)
             ... on level 1 of the Dungeon.
             The game lasted 00:01:01 (134 turns).

MrRokkomies the Stinger (Demigod Venom Mage)         Turns: 134, Time: 00:01:01

Health: -2/14      AC:  2    Str: 11    XL:     1   Next: 93%
Magic:  0/5        EV: 13    Int: 19    God:
Gold:   0          SH:  0    Dex: 16    Spells: 2/3 levels left

rFire    . . .     SeeInvis .   c - +0 short sword
rCold    . . .     Faith    +   (no shield)
rNeg     . . .     Spirit   .   a - +0 robe
rPois    .         Reflect  .   (no helmet)
rElec    .         Harm     .   (no cloak)
rCorr    .                      (no gloves)
MR       .....                  (no boots)
Stlth    ++........             b - amulet of faith
HPRegen  0.04/turn              (no ring)
MPRegen  0.09/turn              (no ring)

@: no status effects
A: high mp 1
a: no special abilities


You were on level 1 of the Dungeon.
You visited 1 branch of the dungeon, and saw 1 of its levels.

Inventory:

Hand Weapons
 c - a +0 short sword (weapon)
Armour
 a - a +0 robe (worn)
Jewellery
 b - an amulet of faith (around neck)


   Skills:
 * Level 2.1 Dodging
 - Level 1.7 Stealth
 - Level 1.7 Spellcasting
 + Level 1.1 Transmutations
 * Level 2.9 Poison Magic


You had 2 spell levels left.
You knew the following spells:

 Your Spells              Type           Power        Failure   Level
a - Sting                 Tmut/Pois      #...         8%          1

Your spell library contained the following spells:

 Spells                   Type           Power        Failure   Level
 Poisonous Vapours        Pois/Air       #.....       14%         2
 Ignite Poison            Fire/Tmut/Pois #.......     30%         3
 Mephitic Cloud           Conj/Pois/Air  #.......     34%         3
 Olgreb's Toxic Radiance  Pois           ##......     45%         4


Dungeon Overview and Level Annotations

Branches:
Dungeon (1/15)


Innate Abilities, Weirdness & Mutations

You have an increased reservoir of magic. (+10% MP)


Message History

Casting: Sting (safe; 8% risk of failure)
Confirm with . or Enter, or press ? or * to list all spells.
Aiming: Sting (safe; 8% risk of failure)
Press: ? - help, Shift-Dir - straight line, f/p - frilled lizard
Aim: a frilled lizard The sting misses the frilled lizard.
The frilled lizard barely misses you.
Casting: Sting (safe; 8% risk of failure)
Confirm with . or Enter, or press ? or * to list all spells.
You don't know that spell.
You barely miss the frilled lizard.
The frilled lizard bites you but does no damage.
Your magical contamination has completely faded away.
You miss the frilled lizard. The frilled lizard closely misses you.
You hit the frilled lizard but do no damage.
The frilled lizard bites you.
* * * LOW HITPOINT WARNING * * *
You hit the frilled lizard.
The frilled lizard is heavily wounded.
The frilled lizard bites you.
You die...

# ###.........# .#
#...........# .#
....#.>.......# .#
#####..?......# ...
#..........
.########..........
................ .#
..........#######...##
...........†l@........
.........########...##
.........# ##
..........#
...........#
.............
....?...##.#.#
.....##.. ..... #..#.
##. ...#.


You could see a frilled lizard.

Vanquished Creatures
  A dart slug (D:1)
  A goblin (D:1)
  A hobgoblin (D:1)
  3 bats (D:1)
  A kobold (D:1)
  A rat (D:1)
8 creatures vanquished.

Notes
Turn   | Place    | Note
-------+----------+-------------------------------------------
     0 | D:1      | MrRokkomies the Demigod Venom Mage began the quest for the
                  | Orb.
     0 | D:1      | Reached XP level 1. HP: 14/14 MP: 5/5
    56 | D:1      | Reached skill level 1 in Transmutations
   134 | D:1      | Slain by a frilled lizard

Illustrated notes

Levels and vault maps discovered:
D:1:      minmay_arrival_semitransparent, layout_rooms

Skill      XL: |  1 |
---------------+----+-----
Transmutations | 1 |  1.1
Dodging        | 2 |  2.1
Stealth        | |  1.7
Spellcasting   | |  1.7
Poison Magic   | |  2.9

Action                   || total
-------------------------++-------
Melee: Short sword       ||    14
       Unarmed           ||     1
 Cast: Sting             ||    12
Armor: Robe              ||    13
Dodge: Dodged            ||    29

Table legend: (Time is in decaauts)
 A = Elapsed time spent in this place.
 B = Non-inter-level travel time spent in this place.
 C = Inter-level travel time spent in this place.
 D = Time resting spent in this place.
 E = Time spent auto-exploring this place.
 F = Levels seen in this place.
 G = Mean time per level.
                   A        B        C        D        E       F      G
               +--------+--------+--------+--------+--------+-----+--------+
         Total |    134 |    134 |      0 |     30 |     32 |   1 |  134.0 |
       Dungeon |    134 |    134 |      0 |     30 |     32 |   1 |  134.0 |
               +--------+--------+--------+--------+--------+-----+--------+

Top non-repeatable levels by time:
     D:1: 134 daAuts
